 Dungeon Crawl Stone Soup version 0.31-a0-175-g9f7f995f2b (webtiles) character file.

Game seed: 11694491519746144406

546 qw the Shooter (level 7, -2/64 HPs)
             Began as a Naga Hunter on June 17, 2023.
             Was an Initiate of Okawaru.
             Slain by an iguana (5 damage)
             ... on level 5 of the Dungeon.
             The game lasted 00:01:11 (3259 turns).

qw the Shooter (Naga Hunter)                        Turns: 3259, Time: 00:01:12

Health: -2/64      AC:  8    Str: 14    XL:     7   Next: 28%
Magic:  6/8        EV: 11    Int:  9    God:    Okawaru [......]
Gold:   267        SH:  0    Dex: 16    Spells: 6/6 levels left

rFire   + . .        Y - +1 shortbow (freeze)
rCold   . . .        (shield currently unavailable)
rNeg    . . .        e - +1 ring mail {Will+}
rPois   +            k - +0 helmet
rElec   .            (no cloak)
rCorr   .            (no gloves)
SInv    +            (no barding)
Will    +....        (no amulet)
Stlth   +++          i - ring of protection from fire
HPRegen 0.30/turn    (no ring)
MPRegen 0.11/turn

%: no passive effects
@: heroic, very slow
A: AC +2, large, see invisible, deformed body, poison resistance, slowness 2,
spit poison 1, naga tail 1
a: Spit Poison, Renounce Religion


You were on level 5 of the Dungeon.
You worshipped Okawaru.
Okawaru was noncommittal.
You visited 1 branch of the dungeon, and saw 5 of its levels.

You collected 306 gold pieces.
You spent 39 gold pieces at shops.


Innate Abilities, Weirdness & Mutations

Your serpentine skin is tough. (AC +2)
You have supernaturally acute eyesight. (SInv)
Armour fits poorly on your strangely shaped body.
Your system is resistant to poisons. (rPois)
You cover ground very slowly.
You can spit poison.
You have a snake-like lower body.


   Skills:
 - Level 4.0(9.0) Fighting
 + Level 6.4(11.4) Ranged Weapons
 - Level 1.7(6.7) Armour
 - Level 1.5(6.5) Dodging
 - Level 1.5(6.5) Stealth
 - Level 1.7 Invocations


You had 6 spell levels left.
You didn't know any spells.
Your spell library was empty.

Inventory:

Hand Weapons
 Y - a +1 shortbow of freezing (weapon)
Armour
 a - a +2 robe of the Archmagi
 e - a +1 ring mail of willpower (worn)
 k - a +0 helmet (worn)
Jewellery
 i - a ring of protection from fire (left hand)
Scrolls
 n - a scroll of identify
Potions
 b - a potion of degeneration {unknown}
 c - a potion of enlightenment {unknown}
 d - a potion of attraction {unknown}
 g - 4 potions of curing
 j - 2 potions of haste

Dungeon Overview and Level Annotations

Branches:
Dungeon (5/15)
 Temple: D:4-7

Altars:
Ashenzari
Elyvilon
Hepliaklqana
Kikubaaqudgha
Okawaru
Ru
Sif Muna
Trog
The Shining One

Shops:
D:2 !


Message History

The puff of frost hits you.
3255 ||| DRINKING potion of heal wounds.
You feel much better.
You have got your breath back.
The ufetubus closely misses you.
The ufetubus hits you but does no damage.
The ufetubus barely misses you. The ufetubus closely misses you.
The iguana closely misses you. x2
The white imp gestures at you. The puff of frost hits you.
The iguana barely misses you.
3256 ||| INVOKING Spit Poison.
Aiming: Spit Poison (1% risk of failure)
Press: ? - help, Shift-Dir - straight line, f/p - iguana The splash of poison misses the iguana.
The ufetubus closely misses you. The ufetubus barely misses you.
The iguana barely misses you.
The white imp hits you but does no damage.
The iguana barely misses you. x2
You shoot an arrow. The arrow hits the iguana.
The iguana seems to slow down.
The arrow freezes the iguana.
You kill the iguana!
Okawaru accepts your kill.
You can now gain great but temporary skills.
The ufetubus hits you but does no damage.
The ufetubus barely misses you. x2
The ufetubus hits you but does no damage.
The iguana bites you. The white imp barely misses you. The iguana bites you!
3258 ||| INVOKING Heroism.
You gain the combat prowess of a mighty hero.
You can no longer gain great but temporary skills.
The ufetubus misses you. The ufetubus completely misses you.
The ufetubus misses you. The ufetubus hits you. The iguana bites you.
The white imp gestures at you. The puff of frost hits you.
The iguana barely misses you.
You shoot an arrow. The arrow barely misses the iguana.
You have got your breath back.
The ufetubus closely misses you.
The ufetubus hits you but does no damage.
The iguana bites you.
You die...

##########.#
#..<.....#.##....#.#
#.#.####.#.##......
#.#.# #.#.##.....# .
#.#.####.#.##...#.# ).
.........#.##.....###.#
#.#......#.##.....)...##
#..####....##...5l.#....
#...............@ls....#
##########..#...%5...#)#
.......................#
#############.##........
#.##......#. #.........#
###.......#
################......#
..............#


You could see a scorpion, 2 iguanas, a white imp and an ufetubus.

Vanquished Creatures
  An orc warrior (D:4)
  A phantom (D:4)
  2 scorpions (D:4)
  A jelly (D:4)
  Jessica (D:3)
  2 iguanas (D:5)
  A sleepcap (D:4)
  Robin (D:3)
  3 adders
  A worm (D:2)
  A dart slug (D:2)
  7 orcs
  10 ball pythons
  4 endoplasms
  3 giant cockroaches
  11 goblins
  8 hobgoblins
  4 jackals (D:2)
  A quokka (D:3)
  10 bats
  2 frilled lizards
  4 kobolds
  4 rats
83 creatures vanquished.

Notes
Turn   | Place    | Note
-------+----------+-------------------------------------------
     0 | D:1      | qw the Naga Hunter began the quest for the Orb.
     0 | D:1      | Reached XP level 1. HP: 19/19 MP: 1/1
     0 | D:1      | 0 ||| qw: Version: 0.3-a-2-g5ab2908
     0 | D:1      | 0 ||| qw: Game counter: 98
     0 | D:1      | 0 ||| qw: Always use a shield: true
     0 | D:1      | 0 ||| qw: God list: Okawaru
     0 | D:1      | 0 ||| qw: Allow faded altars: false
     0 | D:1      | 0 ||| qw: Do Orc after D:15 true
     0 | D:1      | 0 ||| qw: Do second Lair branch before Depths: true
     0 | D:1      | 0 ||| qw: Lair rune preference: random
     0 | D:1      | 0 ||| qw: Plans: Normal
     0 | D:1      | 0 ||| PLANNING D:1-11
    33 | D:1      | 33 ||| INVOKING Spit Poison.
    94 | D:1      | 94 ||| INVOKING Spit Poison.
   117 | D:1      | 117 ||| INVOKING Spit Poison.
   123 | D:1      | 123 ||| INVOKING Spit Poison.
   191 | D:1      | Reached skill level 4 in Ranged Weapons
   191 | D:1      | Reached XP level 2. HP: 26/26 MP: 2/2
   198 | D:1      | 198 ||| INVOKING Spit Poison.
   199 | D:1      | 199 ||| INVOKING Spit Poison.
   249 | D:1      | 249 ||| INVOKING Spit Poison.
   262 | D:1      | 262 ||| INVOKING Spit Poison.
   265 | D:1      | 265 ||| INVOKING Spit Poison.
   298 | D:1      | 298 ||| INVOKING Spit Poison.
   715 | D:1      | 715 ||| READING scroll labelled QUIRUKHL XIVAQ.
   716 | D:1      | 716 ||| READING scroll labelled FORGHIDETS.
   817 | D:1      | 817 ||| READING scroll labelled TERESE TAPSUFF.
   818 | D:1      | 818 ||| DROPPING scroll of butterflies.
   851 | D:2      | 851 ||| INVOKING Spit Poison.
   870 | D:2      | 870 ||| INVOKING Spit Poison.
   914 | D:2      | Found Wycw's Distillery.
   919 | D:2      | 919 ||| SHOPLISTING 2 potions of cancellation (208 gold,
                  | have 65).
   919 | D:2      | 919 ||| SHOPLISTING 2 potions of might (104 gold, have 65).
   919 | D:2      | 919 ||| BUYING potion of curing (39 gold).
   919 | D:2      | Bought a potion of curing for 39 gold pieces
   919 | D:2      | 919 ||| SHOPLISTING potion of curing (39 gold, have 26).
   919 | D:2      | 919 ||| SHOPLISTING potion of haste (130 gold, have 26).
   919 | D:2      | 919 ||| SHOPLISTING potion of might (52 gold, have 26).
   919 | D:2      | 919 ||| SHOPLISTING potion of resistance (130 gold, have
                  | 26).
   956 | D:2      | 956 ||| INVOKING Spit Poison.
  1027 | D:2      | 1027 ||| INVOKING Spit Poison.
  1049 | D:2      | 1049 ||| INVOKING Spit Poison.
  1054 | D:2      | 1054 ||| INVOKING Spit Poison.
  1091 | D:2      | 1091 ||| INVOKING Spit Poison.
  1111 | D:2      | 1111 ||| INVOKING Spit Poison.
  1114 | D:2      | Reached XP level 3. HP: 31/32 MP: 3/3
  1117 | D:2      | 1117 ||| INVOKING Spit Poison.
  1121 | D:2      | 1121 ||| INVOKING Spit Poison.
  1347 | D:2      | 1347 ||| INVOKING Spit Poison.
  1454 | D:2      | 1454 ||| UPGRADING to +1 ring mail of willpower.
  1464 | D:2      | 1464 ||| DROPPING +0 leather armour.
  1465 | D:2      | 1465 ||| READING scroll labelled DIKHLAERHIO.
  1466 | D:2      | 1466 ||| READING scroll labelled NONTIPS SISCH.
  1490 | D:3      | 1490 ||| STAIRDANCE
  1526 | D:3      | 1526 ||| INVOKING Spit Poison.
  1526 | D:3      | Noticed Jessica
  1538 | D:3      | 1538 ||| INVOKING Spit Poison.
  1542 | D:3      | Killed Jessica
  1543 | D:3      | Reached skill level 5 in Ranged Weapons
  1543 | D:3      | Reached XP level 4. HP: 39/39 MP: 4/4
  1551 | D:3      | 1551 ||| INVOKING Spit Poison.
  1591 | D:3      | 1591 ||| INVOKING Spit Poison.
  1599 | D:3      | 1599 ||| INVOKING Spit Poison.
  1619 | D:3      | 1619 ||| INVOKING Spit Poison.
  1624 | D:3      | 1624 ||| INVOKING Spit Poison.
  1638 | D:3      | 1638 ||| INVOKING Spit Poison.
  1712 | D:3      | 1712 ||| INVOKING Spit Poison.
  1729 | D:3      | 1729 ||| INVOKING Spit Poison.
  1734 | D:3      | 1734 ||| INVOKING Spit Poison.
  1751 | D:3      | 1751 ||| INVOKING Spit Poison.
  1767 | D:3      | Found a hazy altar of Hepliaklqana.
  1769 | D:3      | Found a sacrificial altar of Ru.
  1770 | D:3      | Found a bloodstained altar of Trog.
  1777 | D:3      | 1777 ||| INVOKING Spit Poison.
  1779 | D:3      | Found a shimmering blue altar of Sif Muna.
  1780 | D:3      | 1780 ||| Stepping ~*~*~tactically~*~*~ (outnumbered).
  1783 | D:3      | 1783 ||| INVOKING Spit Poison.
  1788 | D:3      | 1788 ||| INVOKING Spit Poison.
  1793 | D:3      | 1793 ||| INVOKING Spit Poison.
  1796 | D:3      | 1796 ||| INVOKING Spit Poison.
  1801 | D:3      | Reached skill level 3 in Fighting
  1835 | D:3      | Found a glowing golden altar of the Shining One.
  1836 | D:3      | Found an ancient bone altar of Kikubaaqudgha.
  1838 | D:3      | Found an iron altar of Okawaru.
  1839 | D:3      | 1839 ||| PLANNING OKAWARU WORSHIP
  1839 | D:3      | 1839 ||| UPGRADING to ring of protection from fire.
  1840 | D:3      | 1840 ||| DRINKING 2 orange potions.
  1841 | D:3      | 1841 ||| DRINKING 3 murky pink potions.
  1845 | D:3      | Found a broken altar of Ashenzari.
  1846 | D:3      | Found a white marble altar of Elyvilon.
  1848 | D:3      | Became a worshipper of Warmaster Okawaru
  1849 | D:3      | 1849 ||| PLANNING D:1-11
  1851 | D:3      | Noticed Robin
  1854 | D:3      | 1854 ||| INVOKING Spit Poison.
  1855 | D:3      | Killed Robin
  1856 | D:3      | Reached XP level 5. HP: 49/49 MP: 5/5
  1858 | D:3      | 1858 ||| INVOKING Spit Poison.
  1958 | D:3      | 1958 ||| UPGRADING to +0 helmet.
  1986 | D:4      | 1986 ||| INVOKING Spit Poison.
  1997 | D:4      | 1997 ||| INVOKING Spit Poison.
  2002 | D:4      | 2002 ||| INVOKING Spit Poison.
  2007 | D:4      | 2007 ||| INVOKING Spit Poison.
  2010 | D:4      | Noticed an orc warrior
  2013 | D:4      | 2013 ||| INVOKING Spit Poison.
  2018 | D:4      | Reached skill level 1 in Armour
  2018 | D:4      | 2018 ||| INVOKING Spit Poison.
  2022 | D:4      | HP: 12/49 [orc warrior/+0 hand axe (11)]
  2023 | D:4      | 2023 ||| READING scroll of teleportation.
  2023 | D:4      | HP: 3/49 [orc warrior/+0 hand axe (10)]
  2024 | D:4      | 2024 ||| DRINKING potion of heal wounds.
  2025 | D:4      | 2025 ||| INVOKING Spit Poison.
  2030 | D:4      | Killed an orc warrior
  2030 | D:4      | Reached * piety under Okawaru
  2031 | D:4      | Reached XP level 6. HP: 25/56 MP: 6/6
  2186 | D:4      | 2186 ||| INVOKING Spit Poison.
  2189 | D:4      | 2189 ||| INVOKING Spit Poison.
  2199 | D:4      | 2199 ||| INVOKING Spit Poison.
  2234 | D:4      | 2234 ||| INVOKING Spit Poison.
  2237 | D:4      | 2237 ||| INVOKING Spit Poison.
  2263 | D:4      | 2263 ||| INVOKING Spit Poison.
  2405 | D:4      | 2405 ||| INVOKING Spit Poison.
  2411 | D:4      | 2411 ||| INVOKING Spit Poison.
  2415 | D:4      | 2415 ||| INVOKING Heroism.
  2416 | D:4      | 2416 ||| INVOKING Spit Poison.
  2418 | D:4      | Reached skill level 6 in Ranged Weapons
  2551 | D:4      | 2551 ||| INVOKING Spit Poison.
  2563 | D:4      | Reached skill level 1 in Invocations
  2629 | D:4      | 2629 ||| INVOKING Heroism.
  2636 | D:4      | Reached XP level 7. HP: 63/63 MP: 5/8
  2717 | D:4      | 2717 ||| INVOKING Spit Poison.
  3047 | D:4      | 3047 ||| READING scroll labelled ICICRY LORGH.
  3048 | D:4      | 3048 ||| READING scroll labelled IRHITA JEAGG.
  3049 | D:4      | 3049 ||| READING scroll labelled TAUCKU FARULY.
  3057 | D:5      | Entered Level 5 of the Dungeon
  3155 | D:5      | 3155 ||| INVOKING Spit Poison.
  3160 | D:5      | 3160 ||| INVOKING Spit Poison.
  3239 | D:5      | 3239 ||| INVOKING Spit Poison.
  3245 | D:5      | 3245 ||| INVOKING Spit Poison.
  3251 | D:5      | 3251 ||| INVOKING Spit Poison.
  3254 | D:5      | HP: 9/64 [iguana (9)]
  3255 | D:5      | 3255 ||| DRINKING potion of heal wounds.
  3256 | D:5      | 3256 ||| INVOKING Spit Poison.
  3258 | D:5      | 3258 ||| INVOKING Heroism.
  3258 | D:5      | HP: 4/64 [iguana (5)]
  3259 | D:5      | Slain by an iguana

Levels and vault maps discovered:
D:1:      dpeg_arrival_simpleton_a, layout_basic,
          hangedman_decor_diamond_cutter, kennysheep_decorative_pillar
D:2:      layout_loops_cross, serial_shops, nicolae_shop_hallway_plus,
          corexii_item_surrounded_by_moat, minmay_stone_trees_small
D:3:      layout_rooms, nicolae_overflow_hallway_of_the_gods, uniq_jessica,
          uniq_robin
D:4:      layout_loops_ring
D:5:      layout_basic, minmay_fractal_squares_5

Skill      XL: |  1  2  3  4  5  6  7 |
---------------+----------------------+-----
Ranged Weapons | 4 5 6 |  6.4
Fighting       | 3 4 |  4.0
Armour         | 1 |  1.7
Invocations    | 1 |  1.7
Dodging        | |  1.5
Stealth        | |  1.5

Action                     |  1- 3 |  4- 6 |  7- 9 || total
---------------------------+-------+-------+-------++-------
   Fire: Shortbow          |    59 |   100 |    31 ||   190
 Invoke: Heroism           |       |     2 |     1 ||     3
Ability: Spit Poison       |    22 |    34 |     7 ||    63
    Use: Scroll            |     5 |     1 |     3 ||     9
         Potion            |       |     3 |     1 ||     4
 Armour: Leather armour    |     8 |       |       ||     8
         Ring mail         |     1 |    27 |    16 ||    44
  Dodge: Dodged            |    17 |    33 |    33 ||    83

Table legend:
 A = Non-vault XP
 B = Vault XP
 C = Vault XP percentage of total XP
 D = Non-vault monster count
 E = Vault monster count
 F = Vault count percentage of total count
                 A         B        C        D         E       F
            +---------+---------+-------+---------+---------+-------
      Total |     664 |     117 |  15.0 |      66 |      17 |  20.5
            +---------+---------+-------+---------+---------+-------
        D:1 |      17 |       0 |   0.0 |      12 |       0 |   0.0
        D:2 |      34 |       0 |   0.0 |      19 |       0 |   0.0
        D:3 |      47 |      75 |  61.5 |      14 |      14 |  50.0
        D:4 |     526 |       0 |   0.0 |      19 |       0 |   0.0
        D:5 |      40 |      42 |  51.2 |       2 |       3 |  60.0
            +---------+---------+-------+---------+---------+-------
